 Dungeon Crawl Stone Soup version 0.26.1-2-gb8aa6d0cf2 (webtiles) character file.

Game seed: 7247740906818276537

189 skwiii the Stinger (level 5, -3/35 HPs)
             Began as a Demonspawn Venom Mage on Mar 9, 2021.
             Slain by a river rat (7 damage)
             ... in a sewer on Mar 10, 2021.
             The game lasted 00:10:09 (5435 turns).

skwiii the Stinger (Demonspawn Venom Mage)          Turns: 5435, Time: 00:10:10

Health: -3/35      AC:  2    Str:  8    XL:     5   Next: 40%
Magic:  1/9        EV: 13    Int: 17    God:
Gold:   135        SH:  0    Dex: 20    Spells: 4/10 levels left

rFire    + . .     SeeInvis .   b - +2 short sword (protect)
rCold    . . .     Faith    .   (no shield)
rNeg     . . .     Spirit   .   a - +0 robe
rPois    .         Reflect  .   (no helmet)
rElec    .         Harm     .   (no cloak)
rCorr    .         Rampage  .   (no gloves)
Will     .....                  (no boots)
Stlth    +.........             (no amulet)
HPRegen  0.11/turn              g - +6 ring of dexterity
MPRegen  0.11/turn              (no ring)

@: very slow
A: talons 2, fire resistance 1
a: no special abilities


You were in a sewer.
You visited 1 branch of the dungeon, and saw 3 of its levels.
You also visited: Sewer.

You collected 135 gold pieces.

Inventory:

Hand Weapons
 b - a +2 short sword of protection (weapon)
Armour
 a - a +0 robe (worn)
Jewellery
 g - a +6 ring of dexterity (left hand)
Scrolls
 c - a scroll of remove curse {unknown}
 d - a scroll of identify
 e - a scroll of enchant armour {unknown}
 f - a scroll of magic mapping
 h - a scroll of fear {unknown}
 i - a scroll of enchant weapon {unknown}
 j - a scroll of noise {unknown}
Potions
 k - a potion of might {unknown}
 l - a potion of magic {unknown}
 m - a potion of curing {unknown}
 n - a potion of haste {unknown}
 o - a potion of attraction {unknown}


   Skills:
 - Level 2.4 Dodging
 - Level 2.1 Stealth
 + Level 3.0 Spellcasting
 + Level 2.1 Transmutations
 + Level 1.0 Fire Magic
 + Level 1.3 Air Magic
 + Level 3.8 Poison Magic


You had 4 spell levels left.
You knew the following spells:

 Your Spells              Type           Power        Failure   Level
a - Sting                 Tmut/Pois      48%          4%          1
b - Poisonous Vapours     Pois/Air       22%          9%          2
c - Ignite Poison         Fire/Tmut/Pois 10%          21%         3

Your spell library contained the following spells:

 Spells                   Type           Power        Failure   Level
 Mephitic Cloud           Conj/Pois/Air  8%           26%         3
 Olgreb's Toxic Radiance  Pois           15%          34%         4


Dungeon Overview and Level Annotations

Branches:
Dungeon (3/15)              Sewer (1/1)

Altars:
Kikubaaqudgha
Wu Jian


Innate Abilities, Weirdness & Mutations

You have razor-sharp toenails.
Your flesh is heat resistant. (rF+)


Message History

Casting: Poisonous Vapours (safe; 9% risk of failure)
Confirm with . or Enter, or press ? or * to list all spells.
Aiming: Poisonous Vapours (safe; 9% risk of failure)
Press: ? - help, Dir - move target, f - river rat
Aim: a river rat Poisonous vapours surround the river rat!
The river rat is engulfed in poison gas.
The river rat is poisoned.
The river rat bites you.
* * * LOW HITPOINT WARNING * * *
The river rat bites you.
* * * LOW HITPOINT WARNING * * *
Casting: Poisonous Vapours (safe; 9% risk of failure)
Confirm with . or Enter, or press ? or * to list all spells.
You don't have enough magic to cast that spell.
Unknown command.
You enter the shallow water.
Moving in this stuff is going to be slow.
The river rat barely misses you.
The river rat looks more healthy.
The river rat bites you!
You die...

## # ## .##
..####################
....≈≈≈≈≈≈≈≈≈≈≈≈≈≈≈..###
...≈≈≈≈≈≈≈≈≈≈≈≈≈≈≈≈≈...##
....≈≈≈≈≈≈≈≈≈≈≈≈≈≈≈.....##
...≈≈≈≈≈≈≈#≈≈≈≈≈@rr......#
...≈≈≈≈≈≈≈≈≈≈≈≈≈≈≈≈≈.....#
##..≈≈≈≈≈≈.≈≈≈≈≈≈≈≈......#
####################....#
##...## ##...# +....#
#....# ##...##


You could see a river rat and a rat.

Vanquished Creatures
  Robin (D:2)
  5 adders
  5 river rats (Sewer)
  An ooze (D:2)
  3 dart slugs
  4 leopard geckos
  3 giant cockroaches
  16 goblins
  5 hobgoblins
  2 jackals (D:1)
  6 ball pythons
  6 bats
  3 frilled lizards
  6 kobolds
  18 rats
84 creatures vanquished.

Notes
Turn   | Place    | Note
-------+----------+-------------------------------------------
     0 | D:1      | skwiii the Demonspawn Venom Mage began the quest for the
                  | Orb.
     0 | D:1      | Reached XP level 1. HP: 13/13 MP: 3/3
    46 | D:1      | Reached skill level 1 in Transmutations
   187 | D:1      | Gained mutation: You have sharp toenails. [demonic
                  | ancestry]
   187 | D:1      | Reached XP level 2. HP: 19/19 MP: 0/5
   544 | D:1      | Learned a level 2 spell: Poisonous Vapours
  1064 | D:1      | Reached XP level 3. HP: 24/24 MP: 3/6
  1638 | D:1      | Learned a level 3 spell: Ignite Poison
  2305 | D:2      | Noticed Robin
  2311 | D:2      | Killed Robin
  2563 | D:2      | Gained mutation: You have razor-sharp toenails. [demonic
                  | ancestry]
  2563 | D:2      | Reached XP level 4. HP: 30/30 MP: 1/7
  3732 | D:2      | Found an ornate altar of the Wu Jian Council.
  3732 | D:2      | Found an ancient bone altar of Kikubaaqudgha.
  4210 | D:3      | Found a glowing drain.
  4231 | D:3      | Reached skill level 1 in Air Magic
  4241 | Sewer    | Entered a sewer
  4750 | Sewer    | Gained mutation: Your flesh is heat resistant. (rF+)
                  | [demonic ancestry]
  4750 | Sewer    | Reached XP level 5. HP: 35/35 MP: 4/9
  5429 | Sewer    | Reached skill level 1 in Fire Magic
  5435 | Sewer    | Slain by a river rat

Illustrated notes

Levels and vault maps discovered:
D:1:      minmay_arrival_stone_box, layout_loops_ring
D:2:      layout_loops_ring, gammafunk_temple_overflow_wave, uniq_robin
D:3:      layout_loops_ring, old_standard_altar, gup_sewer_entry_glass,
          goddamned_bats
Sewer:    sewer_minmay_w

Skill      XL: |  1  2  3  4  5 |
---------------+----------------+-----
Transmutations | 1 2 |  2.1
Stealth        | 2 |  2.1
Dodging        | 2 |  2.4
Air Magic      | 1 |  1.3
Spellcasting   | 3 |  3.0
Fire Magic     | 1 |  1.0
Poison Magic   | |  3.8

Action                   |  1- 3 |  4- 6 || total
-------------------------+-------+-------++-------
Melee: Short sword       |     4 |     9 ||    13
       Kick              |       |     1 ||     1
 Cast: Sting             |    39 |    42 ||    81
       Poisonous Vapours |    14 |    33 ||    47
  Use: Scroll            |       |     3 ||     3
Armor: Robe              |     5 |    19 ||    24
Dodge: Dodged            |    35 |    45 ||    80
